Get step-by-step instructions on how to execute this build order below. Start the game timer, and the build order will tick by so you can play in parallel with StarCraft on a second screen or mobile device.

Game Time

  0:00

Last Step

  N/A

Next Step

  12  0:25  Spawning Pool  

Upcoming Step

  12  0:27  Drone x2  

Don't want to look back and forth between 2 screens? Try out our Overwolf App, the Spawning Tool Build Advisor to get an in-game overlay with this build!

Complete Build Order

  12  0:25  Spawning Pool  
  12  0:27  Drone x2  
  13  0:30  Drone  
  14  0:39  Overlord  
  14  1:12  Zergling x6  
  17  1:24  Drone  
  18  1:38  Spine Crawler  
  17  1:41  Zergling x2  
  19  2:08  Spine Crawler  
  19  2:12  Spine Crawler